 Dungeon Crawl Stone Soup version 0.24-a0-170-gd8427f5 (console) character file.

Game seed: 3400415576358516384

1824 Duffy the Nimble (level 8, 0/50 HPs)
             Began as a Deep Elf Fire Elementalist on Mar 10, 2019.
             Was a Follower of Vehumet.
             Slain by an eight-headed hydra (12 damage)
             ... on level 7 of the Dungeon.
             The game lasted 00:10:11 (9171 turns).

Duffy the Nimble (Deep Elf Fire Elementalist)       Turns: 9171, Time: 00:10:12

Health: 0/50       AC:  5    Str:  5    XL:     8   Next: 86%
Magic:  6/16       EV: 18    Int: 23    God:    Vehumet [*.....]
Gold:   464        SH:  0    Dex: 15    Spells: 3/16 levels left

rFire    . . .     SeeInvis .   c - 11 rations
rCold    . . .     Gourm    .   (no shield)
rNeg     . . .     Faith    .   a - +0 robe
rPois    .         Spirit   .   l - +2 helmet
rElec    .         Reflect  .   (no cloak)
rCorr    +         Harm     .   (no gloves)
MR       .....                  (no boots)
Stlth    ++........             t - amulet of regeneration
HPRegen  0.56/turn              f - ring of wizardry
MPRegen  0.15/turn              v - ring of resist corrosion

@: about to teleport
A: no striking features
a: Renounce Religion


You were on level 7 of the Dungeon.
You worshipped Vehumet.
Vehumet was aware of your devotion.
You were hungry.

You visited 1 branch of the dungeon, and saw 7 of its levels.

You collected 464 gold pieces.

Inventory:

Armour
 a - a +0 robe (worn)
 l - a +2 helmet (worn)
 q - a +0 ring mail of cold resistance
Jewellery
 f - a ring of wizardry (left hand)
 t - an amulet of regeneration (around neck)
 v - a ring of resist corrosion (right hand)
Wands
 g - a wand of iceblast (8)
Scrolls
 d - 2 scrolls of amnesia {unknown}
 e - a scroll of random uselessness {unknown}
 j - 2 scrolls of remove curse
 k - 2 scrolls of teleportation
 o - a scroll of magic mapping {unknown}
 p - 2 scrolls of enchant armour {unknown}
 u - a scroll of fog {unknown}
 w - a scroll of fear {unknown}
Potions
 b - 3 potions of heal wounds
 i - a potion of flight
 m - 3 potions of curing
 n - 2 potions of agility
 r - 2 potions of lignification
 s - 2 potions of brilliance
Comestibles
 c - 11 rations (in hand)


   Skills:
 - Level 5.6 Fighting
 - Level 8.6 Dodging
 - Level 2.4 Stealth
 - Level 4.5 Spellcasting
 - Level 4.3 Conjurations
 - Level 4.3 Fire Magic
 + Level 2.4 Evocations


You had 3 spell levels left.
You knew the following spells:

 Your Spells              Type           Power        Failure   Level  Hunger
h - Flame Tongue          Conj/Fire      ####.        1%          1    None
j - Sticky Flame          Conj/Fire      ####....     7%          4    ####...
k - Fireball              Conj/Fire      ####......   19%         5    #####..
l - Conjure Flame         Conj/Fire      ####....     1%          3    ##.....

Your spell library contained the following spells:

 Spells                   Type           Power        Failure   Level  Hunger
 Sting                    Conj/Pois      ###.         1%          1    None
 Throw Flame              Conj/Fire      ####..       1%          2    None
 Animate Skeleton         Necr           N/A          4%          1    None
 Apportation              Tloc           #.....       4%          1    None
 Confusing Touch          Hex            #.....       4%          1    None
 Summon Small Mammal      Summ           #...         4%          1    None
 Inner Flame              Hex/Fire       ###.....     4%          3    ##.....
 Call Imp                 Summ           #.......     6%          2    None
 Call Canine Familiar     Summ           #.......     12%         3    ##.....
 Summon Guardian Golem    Hex/Summ       #.......     12%         3    ##.....
 Summon Ice Beast         Ice/Summ       #.......     36%         4    ####...
 Summon Lightning Spire   Summ/Air       #.......     36%         4    ####...


Dungeon Overview and Level Annotations

Branches:
Dungeon (7/15)             Temple (0/1) D:4

Altars:
Gozag
Okawaru
Sif Muna
Vehumet
Wu Jian
Yredelemnul
The Shining One

Annotations:
D:6 exclusion: crimson imp


Message History

The orc priest is severely wounded.
The orc priest is covered in liquid flames!
The orc priest burns!
You kill the orc priest!
Vehumet accepts your kill. The orc barely misses you. x2
The orc closely misses you.
Really attack while wielding your 11 rations? [Y]es or [N]o only, please.
Really attack while wielding your 11 rations?
Okay, then.
The orc completely misses you.
As you read the scroll of teleportation, it crumbles to dust.
You feel strangely unstable. The orc closely misses you.
The orc completely misses you. The eight-headed hydra bites you! x2
The eight-headed hydra completely misses you.
The eight-headed hydra closely misses you. x2
The eight-headed hydra bites you! x2
You die...

#.....(..# #........#
########.# ######)#
#######..)...# .#
#.......#....# ..#
#.......#...o# #.# .#
#.......#..D.# ###.###.#
#######D#..@o# #....##.#
#####.########$##.##.#
#.....# #####..##..#.#
#.....###..D.......#.#
#...).....###'###....#
#....()...# #.# #.#..#
#.........###.###.#.>#
#####<....'.._..+.##.###
#.....#######.##...#


You could see an eight-headed hydra and 2 orcs.

Vanquished Creatures
  Grinder (D:5)
  A water moccasin (D:6)
  2 orc warriors (D:7)
  An ice beast (D:2)
  An ogre (D:4)
  A centaur (D:5)
  A big kobold (D:6)
  A wyvern zombie (D:7)
  2 bullfrogs (D:6)
  A quasit (D:6)
  2 jellies (D:5)
  3 hounds
  3 orc priests
  2 orc wizards (D:7)
  Jessica (D:3)
  An iguana (D:4)
  2 worker ants (D:5)
  A hound zombie (D:6)
  15 gnolls
  7 adders
  A shadow imp (D:3)
  An adder skeleton (D:5)
  4 worms
  4 dart slugs
  2 leopard geckos (D:3)
  15 orcs
  5 bats
  8 giant cockroaches
  9 goblins
  10 hobgoblins
  15 jackals
  3 quokkas
  4 ball pythons
  3 frilled lizards
  10 kobolds
  A quokka skeleton (D:5)
  4 rats
  A spectral orc (D:6)
  A bush (D:4)
150 creatures vanquished.

Notes
Turn   | Place    | Note
-------+----------+-------------------------------------------
     0 | D:1      | Duffy the Deep Elf Fire Elementalist began the quest for
                  | the Orb.
     0 | D:1      | Reached XP level 1. HP: 10/10 MP: 6/6
   212 | D:1      | Reached XP level 2. HP: 11/15 MP: 1/8
  1009 | D:1      | Reached XP level 3. HP: 19/19 MP: 4/9
  1014 | D:1      | Learned a level 3 spell: Conjure Flame
  1295 | D:2      | Noticed an ice beast
  1617 | D:2      | Reached XP level 4. HP: 24/24 MP: 0/11
  1935 | D:2      | Killed an ice beast
  1935 | D:2      | Reached XP level 5. HP: 28/28 MP: 0/13
  1941 | D:2      | Learned a level 4 spell: Sticky Flame
  2636 | D:2      | Learned a level 5 spell: Fireball
  2790 | D:3      | Reached skill level 3 in Dodging
  2792 | D:3      | Reached skill level 1 in Fighting
  3020 | D:3      | Found a radiant altar of Vehumet.
  3036 | D:3      | Became a worshipper of Vehumet
  3363 | D:3      | Reached XP level 6. HP: 34/34 MP: 6/14
  3712 | D:3      | Noticed Jessica
  3715 | D:3      | Killed Jessica
  3920 | D:3      | Found a glowing golden altar of the Shining One.
  4421 | D:4      | Reached skill level 4 in Dodging
  4569 | D:4      | Found a staircase to the Ecumenical Temple.
  4952 | D:4      | Reached * piety under Vehumet
  4952 | D:4      | Offered knowledge of Sting by Vehumet.
  5214 | D:4      | Reached skill level 5 in Dodging
  5214 | D:4      | Reached XP level 7. HP: 40/40 MP: 6/15
  6219 | D:5      | Entered Level 5 of the Dungeon
  6421 | D:5      | Found an ornate altar of the Wu Jian Council.
  6662 | D:5      | Found an iron altar of Okawaru.
  6667 | D:5      | Found an iron altar of Okawaru.
  6678 | D:5      | Got a transparent falchion
  6683 | D:5      | Identified the cursed +0 falchion of an ossuary {antimagic,
                  | Int+3} (You found it on level 5 of the Dungeon)
  6770 | D:5      | Noticed Grinder
  6789 | D:5      | Paralysed by Grinder for 7 turns
  6790 | D:5      | Killed Grinder
  6790 | D:5      | Reached skill level 6 in Dodging
  7264 | D:5      | Reached XP level 8. HP: 37/48 MP: 8/16
  7401 | D:6      | Reached skill level 7 in Dodging
  7403 | D:6      | Noticed a kobold demonologist
  7818 | D:6      | Found a basalt altar of Yredelemnul.
  8028 | D:6      | Found a deep blue altar of Sif Muna.
  8259 | D:6      | Reached skill level 5 in Fighting
  8565 | D:6      | Reached skill level 8 in Dodging
  8992 | D:7      | Found an opulent altar of Gozag.
  9101 | D:7      | Noticed an eight-headed hydra
  9171 | D:7      | Slain by an eight-headed hydra

Levels and vault maps discovered:
D:1:      psy_arrival_statuary, layout_rooms
D:2:      layout_basic, wad_floor_pattern_untrapped
D:3:      layout_loops_corners, nicolae_tso_carved_into_rock,
          fiery_altar_vehumet, grunt_decor_resistance,
          kennysheep_cluttered_room, uniq_jessica
D:4:      layout_layer_cave, minmay_temple_entry_arrows, serial_forest,
          infiniplex_forest_straight_4, infiniplex_forest_corner_1,
          infiniplex_forest_zigzag_2, infiniplex_forest_clump_curved,
          infiniplex_forest_straight_3, infiniplex_forest_clump_curved,
          infiniplex_forest_lined_corner, infiniplex_forest_straight_4,
          infiniplex_forest_lined_2, kennysheep_generic_room_7
D:5:      layout_basic, kennysheep_little_box, basic_altar, first_ration,
          okawaru_ov_weapons_minmay, uniq_grinder
D:6:      layout_loops_corners, lemuel_blue_sif_altar,
          yredelemnul_forgotten_temple_becter, kennysheep_path_1,
          kennysheep_generic_room_11
D:7:      layout_basic, lemuel_doored_altar, minmay_misc_feat_enclosed

Skill      XL: |  1  2  3  4  5  6  7  8 |
---------------+-------------------------+-----
Conjurations   | 2 3 4 |  4.3
Spellcasting   | 4 |  4.5
Fire Magic     | 4 |  4.3
Dodging        | 3 5 6 8 |  8.6
Fighting       | 1 2 4 5 |  5.6
Evocations     | 2 |  2.4
Stealth        | |  2.4

Action                   |  1- 3 |  4- 6 |  7- 9 || total
-------------------------+-------+-------+-------++-------
 Cast: Flame Tongue      |    85 |   160 |   131 ||   376
       Conjure Flame     |     2 |     6 |     4 ||    12
       Sticky Flame      |       |     2 |    18 ||    20
  Use: Scroll            |       |       |    11 ||    11
  Eat: Chunk             |     2 |    11 |     8 ||    21
       Ration            |       |       |     2 ||     2
Armor: Robe              |     5 |    10 |     9 ||    24
Dodge: Dodged            |    24 |    22 |    77 ||   123

Table legend:
 A = Non-vault XP
 B = Vault XP
 C = Vault XP percentage of total XP
 D = Non-vault monster count
 E = Vault monster count
 F = Vault count percentage of total count
                 A         B        C        D         E       F
            +---------+---------+-------+---------+---------+-------
      Total |    2283 |     324 |  12.4 |     146 |       3 |   2.0
            +---------+---------+-------+---------+---------+-------
        D:1 |      43 |       0 |   0.0 |      26 |       0 |   0.0
        D:2 |     282 |       0 |   0.0 |      28 |       0 |   0.0
        D:3 |     110 |      37 |  25.2 |      32 |       1 |   3.0
        D:4 |     365 |       0 |   0.0 |      18 |       0 |   0.0
        D:5 |     381 |     286 |  42.9 |      16 |       1 |   5.9
        D:6 |     558 |       1 |   0.2 |      14 |       1 |   6.7
        D:7 |     544 |       0 |   0.0 |      12 |       0 |   0.0
            +---------+---------+-------+---------+---------+-------
